 Dungeon Crawl Stone Soup version 0.28.0-1-gb440e238dd (webtiles) character file.

Game seed: 11127989381647221766

78 Golzeb the Stinger (level 4, -3/36 HPs)
             Began as a Naga Venom Mage on Feb 19, 2022.
             Slain by Grinder (10 damage)
             ... on level 3 of the Dungeon on Feb 20, 2022.
             The game lasted 00:03:29 (3552 turns).

Golzeb the Stinger (Naga Venom Mage)                Turns: 3552, Time: 00:03:29

Health: -3/36      AC:  2    Str: 10    XL:     4   Next: 36%
Magic:  4/7        EV: 10    Int: 17    God:
Gold:   123        SH:  0    Dex: 12    Spells: 7/8 levels left

rFire   . . .      SeeInvis +   a - +0 dagger
rCold   . . .      Faith    .   (no shield)
rNeg    . . .      Spirit   .   b - +0 robe
rPois   +          Reflect  .   (no helmet)
rElec   .          Harm     .   (no cloak)
rCorr   .          Rampage  .   (no gloves)
Will    .....                   (no barding)
Stlth   ++........              (no amulet)
HPRegen 0.12/turn               (no ring)
MPRegen 0.10/turn               (no ring)

@: very slightly contaminated, very slow
A: AC +1, large, see invisible, deformed body, poison resistance, slowness 2,
spit poison 1, naga tail 1
a: Spit Poison


You were on level 3 of the Dungeon.
You visited 1 branch of the dungeon, and saw 3 of its levels.

You collected 123 gold pieces.

Inventory:

Hand Weapons
 a - a +0 dagger (weapon)
Armour
 b - a +0 robe (worn)
Scrolls
 c - a scroll of summoning {unknown}
 d - 2 scrolls of enchant weapon {unknown}
 e - a scroll of identify {unknown}
 f - a scroll of teleportation {unknown}
 g - a scroll of magic mapping {unknown}


   Skills:
 + Level 2.2 Dodging
 + Level 4.2 Stealth
 + Level 2.6 Spellcasting
 - Level 1.3 Transmutations
 + Level 4.7 Poison Magic


You had 7 spell levels left.
You knew the following spells:

 Your Spells              Type           Power      Damage    Failure   Level
a - Sting                 Tmut/Pois      48%        1d5       5%          1

Your spell library contained the following spells:

 Spells                   Type           Power      Damage    Failure   Level
 Poisonous Vapours        Pois/Air       20%        N/A       11%         2
 Olgreb's Toxic Radiance  Pois           18%        N/A       26%         4
 Mephitic Cloud           Conj/Pois/Air  7%         N/A       28%         3
 Gell's Gravitas          Tloc           2%         N/A       50%         3
 Teleport Other           Tloc           2%         N/A       50%         3
 Dispersal                Tloc           1%         N/A       100%        6


Dungeon Overview and Level Annotations

Branches:
Dungeon (3/15)

Altars:
Makhleb
Uskayaw

Shops:
D:2 [

Annotations:
D:3 Grinder


Innate Abilities, Weirdness & Mutations

Your serpentine skin is tough. (AC +1)
You have supernaturally acute eyesight. (SInv)
Armour fits poorly on your strangely shaped body.
Your system is resistant to poisons. (rPois)
You cover ground very slowly.
You can spit poison.
You have a snake-like lower body.


Message History

Grinder is nearby!
Grinder shouts!
Grinder gestures at you. Pain shoots through your body!
You see here 8 gold pieces.
Grinder gestures at you. Pain shoots through your body!
An adder comes into view.
Found 24 gold pieces.
The adder hisses angrily.
Casting: Sting (safe; 5% risk of failure)
Confirm with . or Enter, or press ? or * to list all spells.
Aiming: Sting (safe; 5% risk of failure)
Press: ? - help, Shift-Dir - straight line, f - Grinder
Aim: Grinder (68% to hit)
The sting misses Grinder.
Grinder barely misses you.
Casting: Sting (safe; 5% risk of failure)
Confirm with . or Enter, or press ? or * to list all spells.
Aiming: Sting (safe; 5% risk of failure)
Press: ? - help, Shift-Dir - straight line, f/p - Grinder
Aim: Grinder (68% to hit)
The sting hits Grinder.
Grinder partially resists.
Grinder is lightly wounded.
Grinder gestures at you. Pain shoots through your body!
* * * LOW HITPOINT WARNING * * *
The adder bites you but does no damage. The adder misses you.
Grinder says, "There's only one good use for a tongue: cutting it out."
Grinder barely misses you.
Casting: Sting (safe; 5% risk of failure)
Confirm with . or Enter, or press ? or * to list all spells.
Aiming: Sting (safe; 5% risk of failure)
Press: ? - help, Shift-Dir - straight line, f/p - Grinder
Aim: Grinder (lightly wounded, 68% to hit)
You miscast Sting.
You are very lightly contaminated with residual magic.
Nothing appears to happen.
The adder bites you but does no damage. Grinder hits you!
You die...

####.##.#...#. #.
#.##.#..... #.
#.......... $.
#.##.#..... #.#
#...<..##..
###.$###############.##.#
........<...............
#..######.############
####..S@.##.#
.....!..5$....#
.....#....###.# ####
##.### #.# ...# #.#
...... #.# #...... #..
#...... #.# #### #.#


You could see Grinder and an adder.

Vanquished Creatures
  Jessica (D:2)
  2 adders (D:2)
  2 worms (D:2)
  3 dart slugs
  A ball python (D:1)
  2 endoplasms
  A giant cockroach (D:2)
  A hobgoblin (D:2)
  2 kobolds
  2 quokkas
  2 bats (D:1)
  4 goblins
  A rat (D:2)
24 creatures vanquished.

Notes
Turn   | Place    | Note
-------+----------+-------------------------------------------
     0 | D:1      | Golzeb the Naga Venom Mage began the quest for the Orb.
     0 | D:1      | Reached XP level 1. HP: 15/15 MP: 3/3
   682 | D:1      | Reached XP level 2. HP: 10/22 MP: 3/5
  2264 | D:2      | Reached XP level 3. HP: 28/28 MP: 3/6
  2522 | D:2      | Found Myseyc Wiv's Armour Boutique.
  2548 | D:2      | Found a hide-covered altar of Uskayaw.
  2599 | D:2      | Noticed Jessica
  2607 | D:2      | Killed Jessica
  2608 | D:2      | Reached XP level 4. HP: 11/36 MP: 3/7
  3538 | D:3      | Found a burning altar of Makhleb.
  3543 | D:3      | Noticed Grinder
  3552 | D:3      | Slain by Grinder

Illustrated notes

Levels and vault maps discovered:
D:1:      tarquinn_simple_flora_water_d, layout_basic
D:2:      layout_rooms, serial_shops, nicolae_shop_hallway_plus, basic_altar,
          uniq_jessica
D:3:      layout_basic, bloody_makhleb, nrook_loot_triangle, uniq_grinder

Skill      XL: |  1  2  3 |
---------------+----------+-----
Dodging        | 2 |  2.2
Stealth        | 4 |  4.2
Spellcasting   | |  2.6
Transmutations | |  1.3
Poison Magic   | |  4.7

Action                   |  1- 3 |  4- 6 || total
-------------------------+-------+-------++-------
Melee: Unarmed           |    47 |     2 ||    49
 Cast: Sting             |    29 |    15 ||    44
 Abil: Spit Poison       |     1 |       ||     1
Armor: Robe              |     5 |     5 ||    10
Dodge: Dodged            |    21 |     5 ||    26
